 Dungeon Crawl Stone Soup version 0.21.1-1-g345015f (webtiles) character file.

49 jerryfan the Bolt Thrower (level 3, -6/31 HPs)
             Began as a Gnoll Wanderer on May 1, 2018.
             Was an Initiate of Nemelex Xobeh.
             Mangled by a water moccasin zombie (7 damage)
             ... on level 3 of the Dungeon.
             The game lasted 00:08:46 (1213 turns).

jerryfan the Bolt Thrower (Gnoll Wanderer)          Turns: 1213, Time: 00:08:55

Health: -6/31      AC:  7    Str: 13    XL:     3   Next: 77%
Magic:  4/4        EV: 11    Int: 15    God:    Nemelex Xobeh [......]
Gold:   84         SH:  0    Dex: 15    Spells: 3/3 levels left

rFire    . . .     SeeInvis .   a - +2 hand crossbow
rCold    . . .     Gourm    .   (no shield)
rNeg     . . .     Faith    .   c - +1 ring mail
rPois    .         Spirit   .   (no helmet)
rElec    .         Reflect  .   (no cloak)
rCorr    .         Harm     .   (no gloves)
MR       .....                  (no boots)
Stlth    +.........             (no amulet)
HPRegen  0.10/turn              (no ring)
MPRegen  0.09/turn              (no ring)

@: no status effects
A: distributed training, fangs 1, strong nose
a: Renounce Religion


You were on level 3 of the Dungeon.
You worshipped Nemelex Xobeh.
Nemelex Xobeh was noncommittal.
You were not hungry.

You visited 1 branch of the dungeon, and saw 3 of its levels.

You collected 84 gold pieces.

Inventory:

Hand Weapons
 a - a +2 hand crossbow (weapon)
 e - a +0 blowgun
 g - a +0 hunting sling
 n - a +0 dagger
 o - a +0 short sword
Missiles
 b - 57 bolts (quivered)
 d - 11 poisoned needles
Armour
 c - a +1 ring mail (worn)
Scrolls
 h - a scroll of remove curse {unknown}
 i - 4 scrolls of identify {unknown}
 l - 3 scrolls of teleportation {unknown}
 q - 2 scrolls of enchant armour
Potions
 j - a potion of resistance
 k - 2 potions of flight
 r - a potion of magic {unknown}
Miscellaneous
 p - a plain deck of escape {drawn: 5}
Comestibles
 f - 3 rations
 m - 7 chunks of flesh


   Skills:
 + Level 4.5 Fighting
 + Level 0.9 Short Blades
 + Level 0.9 Long Blades
 + Level 0.9 Axes
 + Level 0.9 Maces & Flails
 + Level 0.9 Polearms
 + Level 0.9 Staves
 + Level 0.9 Slings
 + Level 0.9 Bows
 + Level 6.5 Crossbows
 + Level 2.6 Throwing
 + Level 4.5 Armour
 + Level 2.6 Dodging
 + Level 0.9 Stealth
 + Level 0.9 Shields
 + Level 0.9 Unarmed Combat
 + Level 0.9 Spellcasting
 + Level 0.6 Conjurations
 + Level 0.6 Hexes
 + Level 0.6 Charms
 + Level 0.6 Summonings
 + Level 0.6 Necromancy
 + Level 0.6 Translocations
 + Level 0.6 Transmutations
 + Level 0.6 Fire Magic
 + Level 0.6 Ice Magic
 + Level 0.6 Air Magic
 + Level 0.6 Earth Magic
 + Level 0.6 Poison Magic
 + Level 1.0 Invocations
 + Level 2.6 Evocations


You had 3 spell levels left.
You didn't know any spells.

Dungeon Overview and Level Annotations

Branches:
Dungeon (3/15)

Altars:
Elyvilon
Nemelex Xobeh
Xom


Innate Abilities, Weirdness & Mutations

Your experience applies equally to all skills.
You have very sharp teeth.
Your uncanny sense of smell can sniff out nearby items.


Message History

The frilled lizard bites you but does no damage.
Evoke which item? (* to show all) (? for menu, Esc to quit)
You draw a card...
It is Velocity.
The orc seems to speed up.
The giant cockroach seems to speed up.
The water moccasin zombie seems to speed up.
The frilled lizard seems to speed up.
The orc seems to speed up.
The water moccasin zombie barely misses you.
The giant cockroach bites you but does no damage.
You hear some strange, mumbled words.
A puff of frost appears from out of thin air!
The puff of frost misses you. The orc barely misses you.
The frilled lizard bites you but does no damage.
Evoke which item? (* to show all) (? for menu, Esc to quit)
You draw a card...
It is Velocity.
The orc is moving somewhat quickly.
The giant cockroach is moving somewhat quickly.
The water moccasin zombie is moving somewhat quickly.
The frilled lizard is moving somewhat quickly.
The orc is moving somewhat quickly.
The water moccasin zombie bites you!
You die...
Your body disappears without a glow.

....#.. ∆ .....#.
.## .
.......##..###.. .
........##........
.................$
.......<...##.....
.................#
.........os#......
....(...o{@.......
.........l.Z....<.
..................
....?.............
(..#?....<....!..#
##....#..........
####.###........ #
#.#####..


You could see 2 orcs, a water moccasin zombie, a giant cockroach and a frilled
lizard.

Vanquished Creatures
  2 adders (D:2)
  2 dart slugs (D:2)
  A giant cockroach (D:2)
  2 goblins (D:2)
  3 hobgoblins (D:2)
  3 jackals (D:2)
  6 bats
  3 frilled lizards
  3 kobolds
  6 rats
31 creatures vanquished.

Vanquished Creatures (others)
  An adder (D:2)
1 creature vanquished.

Grand Total: 32 creatures vanquished

Notes
Turn   | Place    | Note
-------+----------+-------------------------------------------
     0 | D:1      | jerryfan the Gnoll Wanderer began the quest for the Orb.
     0 | D:1      | jerryfan set off with: a +2 hand crossbow, 22 bolts, a +0 ring mail, 11 poisoned needles, a +0 blowgun, a ration
     0 | D:1      | Reached XP level 1. HP: 20/20 MP: 2/2
   603 | D:2      | Reached XP level 2. HP: 26/26 MP: 3/3
   660 | D:2      | Found a sparkling altar of Nemelex Xobeh.
   666 | D:2      | Became a worshipper of Nemelex Xobeh the Trickster
   689 | D:2      | Reached XP level 3. HP: 31/31 MP: 4/4
   712 | D:2      | Received a gift from Nemelex Xobeh
   789 | D:2      | Found a white marble altar of Elyvilon.
   920 | D:2      | Found a shimmering altar of Xom.
  1027 | D:2      | Reached skill level 1 in Invocations
  1211 | D:3      | HP: 1/31 [something/puff of frost (7)]
  1213 | D:3      | Mangled by a water moccasin zombie

Skill      XL: |  1  2  3 |
---------------+----------+-----
Invocations    | 1 |  1.0
Fighting       | |  4.5
Short Blades   | |  0.9
Long Blades    | |  0.9
Axes           | |  0.9
Maces & Flails | |  0.9
Polearms       | |  0.9
Staves         | |  0.9
Slings         | |  0.9
Bows           | |  0.9
Crossbows      | |  6.5
Throwing       | |  2.6
Armour         | |  4.5
Dodging        | |  2.6
Stealth        | |  0.9
Shields        | |  0.9
Unarmed Combat | |  0.9
Spellcasting   | |  0.9
Conjurations   | |  0.6
Hexes          | |  0.6
Charms         | |  0.6
Summonings     | |  0.6
Necromancy     | |  0.6
Translocations | |  0.6
Transmutations | |  0.6
Fire Magic     | |  0.6
Ice Magic      | |  0.6
Air Magic      | |  0.6
Earth Magic    | |  0.6
Poison Magic   | |  0.6
Evocations     | |  2.6

Action                   || total
-------------------------++-------
 Fire: Hand crossbow     ||    51
       Blowgun           ||     3
Evoke: Deck              ||     5
  Use: Potion            ||     2
       Scroll            ||     1
  Eat: Chunk             ||     1
Armor: Ring mail         ||     9
Dodge: Dodged            ||    11
